 Dungeon Crawl Stone Soup version 0.30-a0-726-gd89dcf765f (webtiles) character file.

Game seed: 16531532942272982851

873 jimonade the Cutter (level 8, -26/37 (39) HPs)
             Began as a Vine Stalker Gladiator on Jan 30, 2023.
             Was a Follower of Uskayaw.
             Annihilated by a large abomination (29 damage)
             ... on level 1 of the Abyss.
             The game lasted 00:10:51 (4678 turns).

jimonade the Cutter (Vine Stalker Gladiator)        Turns: 4678, Time: 00:10:51

HP:   -26/37 (39)   AC:  7    Str: 17    XL:     8   Next: 4%
MP:   0/13          EV: 13    Int: 11    God:    Uskayaw [*.....]
Gold: 257           SH:  0    Dex: 22    Spells: 12/12 levels left

rFire   . . .      SeeInvis .    a - +0 rapier
rCold   . . .      Faith    .    (no shield)
rNeg    . . .      Spirit   +    b - +0 leather armour
rPois   .          Reflect  .    c - +0 helmet
rElec   .          Harm     .    t - +0 cloak of Ru's Benevolence {Int+3 Dex+4}
rCorr   .          Rampage  .    o - +0 pair of gloves
Will    ++...                    f - +0 pair of boots
Stlth   ++                       k - amulet of regeneration
HPRegen 1.86/turn                s - ring of willpower
MPRegen 0.13/turn                (no ring)

@: drained
A: fangs 3, regeneration 1, magic shield, antimagic bite, no potion heal 2
a: Renounce Religion, Stomp


You were on level 1 of the Abyss.
You worshipped Uskayaw.
Uskayaw was noncommittal.
You visited 2 branches of the dungeon, and saw 7 of its levels.
You visited the Abyss 1 time.

You collected 257 gold pieces.

Inventory:

Hand Weapons
 a - a +0 rapier (weapon)
 j - a +0 short sword
Missiles
 d - 2 throwing nets
 e - a javelin
 p - 9 poisoned darts (quivered)
 y - 4 atropa-tipped darts
Armour
 b - a +0 leather armour (worn)
 c - a +0 helmet (worn)
 f - a +0 pair of boots (worn)
 o - a +0 pair of gloves (worn)
 q - an orb of guile
 t - the +0 cloak of Ru's Benevolence (worn) {Int+3 Dex+4}
   (You found it on level 3 of the Dungeon)

   Int:       It affects your intelligence (+3).
   Dex:       It affects your dexterity (+4).
 C - a +0 ring mail
Jewellery
 k - an amulet of regeneration (around neck)
 s - a ring of willpower (left hand)
Wands
 w - a wand of light (7)
Scrolls
 h - 2 scrolls of teleportation
 l - a scroll of fear
 m - a scroll of vulnerability {unknown}
 r - a scroll of torment {unknown}
 u - a scroll of amnesia
 x - a scroll of blinking
 A - a scroll of fog {unknown}
 B - a scroll of poison
Potions
 g - 3 potions of curing
 i - a potion of might
 n - a potion of ambrosia
 v - a potion of magic {unknown}
 z - a potion of brilliance {unknown}


   Skills:
 + Level 2.8 Fighting
 * Level 5.6 Short Blades
 - Level 1.7 Throwing
 + Level 2.3 Armour
 + Level 3.3 Dodging
 + Level 2.5 Stealth
 * Level 2.8 Spellcasting
 * Level 2.7 Ice Magic


You had 12 spell levels left.
You didn't know any spells.
Your spell library contained the following spells:

 Spells                   Type           Power      Damage    Failure   Level
 Ozocubu's Armour         Ice            7%         N/A       30%         3
 Fireball                 Conj/Fire      0%         3d3       100%        5
 Iskenderun's Battlesphe  Conj           1%         2d6       100%        5
 Conjure Ball Lightning   Conj/Air       0%         3x3d6     100%        6
 Orb of Destruction       Conj           0%         9d5       100%        7
 Ozocubu's Refrigeration  Ice            3%         4d8       100%        7


Dungeon Overview and Level Annotations

Branches:
Dungeon (6/15)             Temple (1/1) D:4

Altars:
Ashenzari
Cheibriados
Dithmenos
Elyvilon
Fedhas
Gozag
Hepliaklqana
Kikubaaqudgha
Makhleb
Nemelex Xobeh
Okawaru
Qazlal
Ru
Sif Muna
Trog
Uskayaw
Vehumet
Wu Jian
Xom
Yredelemnul
Zin
The Shining One

Shops:
D:2 *   D:4 =?*

Annotations:
D:6 Maggie


Innate Abilities, Weirdness & Mutations

You have razor-sharp teeth.
Your natural rate of healing is unusually fast.
When hurt, damage is shared between your health and your magic reserves.
Your bite disrupts and absorbs the magic of your enemies.
Potions cannot restore your health.


Message History

The white imp is heavily wounded.
You hit the white imp. Your bite misses the white imp.
The white imp is almost dead.
The white imp barely misses you.
You hit the white imp.
You kill the white imp!
No target in view!
A wight comes into view. It is wielding a +0 halberd.
A wight is nearby!
A large abomination comes into view.
A small abomination comes into view.
The wight closely misses you. The wight misses you.
The wight closely misses you. The wight hits you with a +0 halberd.
You closely miss the wight. You bite the wight, but do no damage.
The wight hits you with a +0 halberd.
You hit the large abomination.
You bite the large abomination, but do no damage.
The large abomination is lightly damaged.
The large abomination hits you!!
Ouch! That really hurt!
The wight hits you with a +0 halberd!
* * * LOW HITPOINT WARNING * * *
You feel drained.
* * * LOW HITPOINT WARNING * * *
You closely miss the large abomination.
You bite the large abomination, but do no damage.
The large abomination is lightly damaged.
The wight barely misses you. The large abomination hits you!
* * * LOW HITPOINT WARNING * * *
Press: ? - help, v - describe, . - travel
Here: a large abomination (lightly damaged)
The floor.
Unknown command.
You hit the large abomination but do no damage.
The large abomination is lightly damaged.
The large abomination hits you!!
Ouch! That really hurt!
You die...

#. ###.# #
....#.##
#### #.#...
#..##.....#
#..@X#..###
#...z.....#
#...#...###
######..#
.......#.#
.......#.##
.......#
.#####
.#.... #X
....# .
....##..##.#


You could see a large abomination and a wight.

Vanquished Creatures
  Menkaure (D:5)
  An ogre (D:4)
  A centaur (D:5)
  A phantom (D:5)
  A scorpion (D:5)
  A howler monkey (D:4)
  A hound (D:5)
  An orc priest (D:4)
  3 iguanas
  2 orc wizards (D:4)
  4 gnolls
  6 adders
  A shadow imp (D:5)
  A white imp (Abyss:1)
  2 ufetubi
  2 worms
  2 dart slugs (D:1)
  8 orcs
  9 ball pythons
  2 bats
  10 endoplasms
  2 giant cockroaches (D:1)
  10 goblins
  11 hobgoblins
  9 jackals
  3 kobolds
  5 quokkas
  5 frilled lizards
  5 rats
110 creatures vanquished.

Notes
Turn   | Place    | Note
-------+----------+-------------------------------------------
     0 | D:1      | jimonade the Vine Stalker Gladiator began the quest for the
                  | Orb.
     0 | D:1      | Reached XP level 1. HP: 11/11 MP: 2/2
    61 | D:1      | Reached XP level 2. HP: 10/15 MP: 3/3
    62 | D:1      | Reached skill level 3 in Short Blades
   397 | D:1      | Reached XP level 3. HP: 18/18 MP: 4/4
  1163 | D:2      | Gained mutation: Your natural rate of healing is unusually
                  | fast. [Vine Stalker growth]
  1163 | D:2      | Reached XP level 4. HP: 23/23 MP: 5/5
  1190 | D:2      | Found Giesoll's Assorted Antiques.
  1877 | D:3      | Identified the +0 cloak of Ru's Benevolence {Int+3 Dex+4}
  2828 | D:4      | Noticed an ogre
  2847 | D:3      | Reached skill level 4 in Short Blades
  2847 | D:3      | Reached skill level 1 in Stealth
  2847 | D:3      | Reached skill level 1 in Spellcasting
  2847 | D:3      | Reached skill level 1 in Ice Magic
  2847 | D:3      | Reached XP level 5. HP: 25/26 MP: 5/7
  2875 | D:3      | Reached skill level 1 in Armour
  3011 | D:4      | Found a blossoming altar of Fedhas.
  3047 | D:4      | Killed an ogre
  3048 | D:4      | Reached XP level 6. HP: 31/31 MP: 7/9
  3119 | D:4      | Found Guqewn's General Store.
  3246 | D:4      | Found Awatai's Jewellery Emporium.
  3288 | D:4      | Found The Oracle's Delphic Readings.
  3374 | D:4      | Found a staircase to the Ecumenical Temple.
  3430 | Temple   | Entered the Ecumenical Temple
  3664 | Temple   | Became a worshipper of Uskayaw the Reveller
  3841 | D:5      | Entered Level 5 of the Dungeon
  3873 | D:5      | Reached * piety under Uskayaw
  3908 | D:5      | Reached ** piety under Uskayaw
  3927 | D:5      | Noticed Menkaure
  3942 | D:5      | Reached *** piety under Uskayaw
  3943 | D:5      | Killed Menkaure
  3944 | D:5      | Reached XP level 7. HP: 24/35 MP: 6/11
  4008 | D:5      | Reached skill level 5 in Short Blades
  4056 | D:5      | Reached **** piety under Uskayaw
  4130 | D:5      | Gained mutation: You have razor-sharp teeth. [Vine Stalker
                  | growth]
  4130 | D:5      | Reached XP level 8. HP: 20/39 MP: 3/13
  4527 | D:6      | Noticed Maggie
  4534 | Abyss:1  | Cast into level 1 of the Abyss (Maggie)
  4557 | Abyss:1  | Found a corrupted altar of Lugonu.
  4657 | Abyss:1  | Noticed a large abomination
  4677 | Abyss:1  | HP: 1/37 [large abomination (8)]
  4678 | Abyss:1  | Annihilated by a large abomination

Illustrated notes

Levels and vault maps discovered:
D:1:      shiori_arrival_elements, layout_basic, minmay_tree_intersection
D:2:      layout_rooms, serial_shops, nicolae_shop_waterfront, glass_columns_a
D:3:      layout_basic
D:4:      layout_rooms, mainiacjoe_overflow_tiny_flanked,
          minmay_temple_entry_purple_smoke, serial_shops, nicolae_shop_stone,
          shop, nicolae_nh_oracle_at_delphi
D:5:      layout_rooms, uniq_menkaure
D:6:      minmay_goblin_kobold_castle, layout_loops_ring,
          gammafunk_ghost_necromancy, uniq_sigmund, uniq_maggie, uniq_grinder
Temple:   mainiacjoe_temple_archimedes_tessellation
Abyss:1:  base:
D:1

Skill      XL: |  1  2  3  4  5  6  7 |
---------------+----------------------+-----
Short Blades   | 3 4 5 |  5.6
Fighting       | 2 |  2.8
Stealth        | 1 2 |  2.5
Spellcasting   | 1 2 |  2.8
Ice Magic      | 1 2 |  2.7
Armour         | 1 2 |  2.3
Dodging        | 3 |  3.3
Throwing       | |  1.7

Action                     |  1- 3 |  4- 6 |  7- 9 || total
---------------------------+-------+-------+-------++-------
  Melee: Rapier            |    92 |   174 |    73 ||   339
         Bite              |    21 |    48 |    24 ||    93
  Throw: Dart              |       |     6 |       ||     6
         Javelin           |       |     1 |       ||     1
         Throwing net      |       |     1 |       ||     1
    Use: Scroll            |       |    10 |       ||    10
   Stab: Sleeping          |     1 |     2 |     1 ||     4
         Paralysed         |       |     1 |     2 ||     3
 Armour: Leather armour    |    39 |    48 |    13 ||   100
  Dodge: Dodged            |    66 |    99 |    49 ||   214

Table legend: (Time is in decaauts)
 A = Elapsed time spent in this place.
 B = Non-inter-level travel time spent in this place.
 C = Inter-level travel time spent in this place.
 D = Time resting spent in this place.
 E = Time spent auto-exploring this place.
 F = Levels seen in this place.
 G = Mean time per level.
                   A        B        C        D        E       F      G
               +--------+--------+--------+--------+--------+-----+--------+
         Total |   4681 |   4454 |    227 |    385 |   3044 |   8 |  585.1 |
       Dungeon |   4283 |   4114 |    169 |    385 |   2755 |   6 |  713.8 |
        Temple |    254 |    196 |     58 |      0 |    179 |   1 |  254.0 |
         Abyss |    143 |    143 |      0 |      0 |    110 |   1 |  143.0 |
               +--------+--------+--------+--------+--------+-----+--------+

Top non-repeatable levels by time:
     D:3: 1273 daAuts
     D:1: 1116 daAuts
     D:5: 652 daAuts
     D:2: 612 daAuts
     D:4: 592 daAuts
  Temple: 254 daAuts
 Abyss:1: 143 daAuts
     D:6: 35 daAuts
